 Dungeon Crawl Stone Soup version 0.18-a0-425-ge088ad1 (webtiles) character file.

552 Korkiloff the Skirmisher (level 7, -1/57 HPs)
             Began as a Ghoul Skald on Nov 30, 2015.
             Was a Follower of Makhleb.
             Blown up by Pikel (21 damage)
             ... with a wand of disintegration
             ... on level 5 of the Dungeon.
             The game lasted 00:26:56 (2749 turns).

Korkiloff the Skirmisher (Ghoul Skald)              Turns: 2749, Time: 00:26:56

Health: -1/57      AC:  3    Str: 18    XL:     7   Next: 29%
Magic:  9/9        EV: 12    Int:  7    God:    Makhleb [*.....]
Gold:   121        SH:  0    Dex:  8    Spells: 3 memorised, 5 levels left

rFire  . . .     SeeInvis +     l - +4 dagger
rCold  + . .     Clarity  .     n - +0 leather armour
rNeg   + + +     SustAt   .     (no shield)
rPois  ∞         Gourm    .     (no helmet)
rElec  .         Spirit   .     (no cloak)
rCorr  .         Dsmss    .     (no gloves)
rMut   .         Stasis   .     (no boots)
MR     .....                    (no amulet)
Stlth  +.........               (no ring)
                                t - ring of see invisible

@: rotting, not resistant to hostile enchantments, very unstealthy
A: rotting body, claws 1, carnivore 3, cold resistance 1, negative energy
resistance 3, slow regeneration 1, torment resistance, unbreathing
a: Renounce Religion


You were on level 5 of the Dungeon.
You worshipped Makhleb.
Makhleb was aware of your devotion.
You were not hungry.

You visited 1 branch of the dungeon, and saw 5 of its levels.

You collected 121 gold pieces.

Inventory:

Hand Weapons
 h - a +0 spear
 j - a +0 hand axe
 l - a +4 dagger (weapon)
 q - a +1 dagger of venom
 r - a +0 mace
 s - a +0 spear
 J - a +0 shortbow
Missiles
 f - 3 tomahawks (quivered)
 x - 5 needles of slowing
 G - 19 bolts
 L - a steel bolt
Armour
 a - a +0 leather armour
 g - a +0 ring mail
 i - a +0 pair of boots
 n - a +0 leather armour (worn)
 y - a +1 helmet
 D - a +0 robe
 E - a +0 robe
 M - a +0 cloak
 N - a +0 leather armour
 P - a +0 pair of boots
Jewellery
 t - a ring of see invisible (left claw)
Scrolls
 o - 2 scrolls of magic mapping
 v - 2 scrolls of recharging
 w - 8 scrolls of identify
 F - 2 scrolls of remove curse
Potions
 d - 2 potions of curing
 e - 3 potions of heal wounds
 p - 2 potions of mutation {unknown}
 u - 2 potions of flight {unknown}
 A - a potion of agility {unknown}
 H - a potion of resistance {unknown}
 K - a potion of lignification {unknown}
Books
 b - a book of Battle

   Spells                             Type                      Level
   a - Infusion                       Charms                       1
   b - Shroud of Golubria             Charms/Translocation         2
   c - Song of Slaying                Charms                       2
   d - Spectral Weapon                Hexes/Charms                 3
   e - Regeneration                   Charms/Necromancy            3
 C - a Fen Folio

   Spells                             Type                      Level
   a - Corpse Rot                     Necromancy                   2
   b - Stone Arrow                    Conjuration/Earth            3
   c - Leda's Liquefaction            Hexes/Earth                  4
   d - Summon Forest                  Summoning/Translocation      5
   e - Hydra Form                     Transmutation                6
   f - Summon Hydra                   Summoning                    7
Comestibles
 c - 3 meat rations
 k - 2 beef jerkies
 z - a royal jelly


   Skills:
 + Level 3.6 Fighting
 + Level 2.0 Throwing
 + Level 2.6 Armour
 + Level 3.5 Dodging
 + Level 1.0 Stealth
 + Level 3.6 Unarmed Combat
 + Level 2.3 Spellcasting
 + Level 3.4 Charms


You had 5 spell levels left.
You knew the following spells:

 Your Spells              Type           Power        Failure   Level  Hunger
a - Infusion              Chrm           #.....       12%         1    ##.....
b - Shroud of Golubria    Chrm/Tloc      #.........   38%         2    ###....
c - Song of Slaying       Chrm           #.......     17%         2    ###....


Dungeon Overview and Level Annotations

Branches:
Dungeon (5/15)             Temple (0/1) D:4

Altars:
Makhleb

Annotations:
D:5 Pikel


Innate Abilities, Weirdness & Mutations

Your body is rotting away.
You thrive on raw meat.
You are immune to poison.
You have sharp fingernails.
You are carnivorous and can eat meat at any time.
Your flesh is cold resistant.
You are immune to negative energy.
You regenerate slowly when monsters are visible.
You are immune to unholy pain and torment.
You can survive without breathing.


Message History

The adder bites you.
* * * LOW HITPOINT WARNING * * *
You hit the adder.
You kill the adder!
Makhleb accepts your kill.
You see here an adder corpse.
You butcher the adder corpse.
Things that are here:
2 chunks of flesh; an adder skeleton Eat one of 2 chunks of flesh? (ye/n/q/i?)
You feel more resilient.
This raw flesh tastes great!
The slave shouts!
You continue eating. x2
Eat a chunk of flesh? (ye/n/q/i?) This raw flesh tastes great!
You continue eating.
Pikel says, "I just want to get paid!"
You continue eating.
Pikel zaps a wand.
You are blasted!
You die...

#.. #.. #.. ## #..
K ###.. #
##....########
######..#.#.Kp.pp..
#...p..#..#.#######
#%@..###.#..###
#÷p.K......<..##
#...####..###.)####
#...#....# ##....#
#...#.##. ####.#
##### # #.. ###


You could see Pikel and 2 slaves.

Vanquished Creatures
  A hungry ghost (D:5)
  A scorpion (D:4)
  A gnoll shaman (D:4)
  3 worker ants (D:4)
  7 gnolls
  10 adders
  An ooze (D:3)
  An adder skeleton (D:4)
  4 worms
  A giant gecko (D:4)
  2 orcs
  A ball python (D:2)
  5 giant cockroaches
  9 hobgoblins
  5 jackals
  2 quokkas
  12 bats
  10 giant newts
  8 goblins
  12 kobolds
  6 rats
102 creatures vanquished.

Notes
Turn   | Place    | Note
--------------------------------------------------------------
     0 | D:1      | Korkiloff the Ghoul Skald began the quest for the Orb.
     0 | D:1      | Reached XP level 1. HP: 17/17 MP: 2/2
   113 | D:1      | Reached skill level 1 in Dodging
   114 | D:1      | Reached skill level 1 in Armour
   146 | D:1      | Reached XP level 2. HP: 12/24 MP: 0/3
   148 | D:1      | Reached skill level 3 in Charms
   671 | D:1      | Reached XP level 3. HP: 30/30 MP: 4/4
   694 | D:1      | Learned a level 2 spell: Shroud of Golubria
   697 | D:1      | Learned a level 2 spell: Song of Slaying
   905 | D:2      | Reached XP level 4. HP: 25/37 MP: 6/6
  1123 | D:2      | Reached skill level 1 in Throwing
  1638 | D:3      | Reached XP level 5. HP: 42/42 MP: 7/7
  1664 | D:3      | Found a burning altar of Makhleb.
  1670 | D:3      | Became a worshipper of Makhleb the Destroyer
  1947 | D:3      | Noticed an ice beast
  2039 | D:4      | Reached XP level 6. HP: 38/50 MP: 6/8
  2051 | D:4      | HP: 1/51 [gnoll/halberd (10)]
  2078 | D:4      | Reached * piety under Makhleb
  2129 | D:4      | Found a staircase to the Ecumenical Temple.
  2647 | D:5      | Entered Level 5 of the Dungeon
  2667 | D:5      | Noticed a hungry ghost
  2681 | D:5      | Killed a hungry ghost
  2681 | D:5      | Reached skill level 1 in Stealth
  2681 | D:5      | Reached XP level 7. HP: 53/56 MP: 9/9
  2695 | D:5      | Noticed Pikel
  2749 | D:5      | Blown up by Pikel

Vault maps used:
D:1:      dpeg_arrival_shrine
D:3:      lightli_temple_of_fire
D:4:      minmay_temple_entry_grid, first_bread
D:5:      minmay_misc_feat_square, uniq_pikel, uniq_eustachio

Action                   |  1- 3 |  4- 6 |  7- 9 || total
-------------------------+-------+-------+-------++-------
Melee: Unarmed           |   114 |   276 |       ||   390
       Dagger            |       |    15 |    13 ||    28
Throw: Tomahawk          |    23 |    41 |     2 ||    66
 Cast: Infusion          |     7 |    11 |       ||    18
       Song of Slaying   |       |     3 |       ||     3
  Use: Scroll            |       |     7 |     1 ||     8
       Potion            |       |     2 |       ||     2
 Stab: Sleeping          |       |       |     1 ||     1
  Eat: Chunk             |     8 |    32 |     3 ||    43
